 Dungeon Crawl Stone Soup version 0.31-a0-265-gcf7e37af1d (webtiles) character file.

Game seed: 15110718882045731560

88 qw the Shooter (level 4, -4/26 HPs)
             Began as a Gargoyle Hexslinger on July 13, 2023.
             Slain by an orc warrior
             ... wielding a +0 dire flail
              (15 damage)
             ... on level 6 of the Dungeon.
             The game lasted 00:00:43 (2334 turns).

qw the Shooter (Gargoyle Hexslinger)                Turns: 2334, Time: 00:00:43

Health: -4/26      AC:  9    Str: 12    XL:     4   Next: 53%
Magic:  5/5        EV: 10    Int: 13    God:
Gold:   156        SH:  0    Dex: 14    Spells: 4/5 levels left

rFire   . . .        Y - +1 sling
rCold   . . .        (no shield)
rNeg    + . .        d - +0 ring mail
rPois   inf          (no helmet)
rElec   +            e - +0 cloak
rCorr   .            (no gloves)
SInv    .            (no boots)
Will    .....        (no amulet)
Stlth   +            (no ring)
HPRegen 0.24/turn    (no ring)
MPRegen 0.09/turn

%: clarity
@: no status effects
A: sickness immunity, AC +3, negative energy resistance 1, electricity
resistance, torment resistance 1, petrification resistance, clarity, evolution 1
a: no special abilities


You were on level 6 of the Dungeon.
You visited 1 branch of the dungeon, and saw 4 of its levels.

You collected 156 gold pieces.


Innate Abilities, Weirdness & Mutations

You are immune to sickness and miasma.
Your stone body is resilient. (AC +3)
You are immune to poison.
You resist negative energy. (rN+)
You are resistant to electric shocks. (rElec)
You are resistant to unholy torment.
You are immune to petrification.
You possess an exceptional clarity of mind.
You have hidden genetic potential.


   Skills:
 - Level 2.0 Fighting
 + Level 4.1 Ranged Weapons
 - Level 1.0 Armour
 - Level 1.5 Dodging
 - Level 1.0 Spellcasting
 - Level 2.6 Hexes


You had 4 spell levels left.
You knew the following spells:

 Your Spells              Type           Power      Damage    Failure   Level
a - Slow                  Hex            28%        N/A       22%         1

Your spell library contained the following spells:

 Spells                   Type           Power      Damage    Failure   Level
 Inner Flame              Hex/Fire       4%         N/A       73%         3
 Portal Projectile        Hex/Tloc       8%         N/A       73%         3
 Cause Fear               Hex            3%         N/A       91%         4

Inventory:

Hand Weapons
 Y - a +1 sling (weapon)
Armour
 d - a +0 ring mail (worn)
 e - a +0 cloak (worn)
Scrolls
 j - a scroll of identify
Potions
 a - a potion of enlightenment {unknown}
 b - a potion of might {unknown}
 c - a potion of heal wounds {unknown}
 h - a potion of mutation
 i - a potion of curing {unknown}

Dungeon Overview and Level Annotations

Branches:
Dungeon (6/15)             Temple (0/1) D:6

Altars:
Hepliaklqana


Message History

The orc shouts!
The orc wizard shouts!
An orc wizard comes into view. It is wielding a +0 dagger.
Found 8 gold pieces.
You shoot a sling bullet. The sling bullet barely misses the orc.
The orc wizard shouts!
The orc wizard gestures wildly while chanting.
The orc wizard flickers and vanishes!
Deactivating autopickup; reactivate with Ctrl-A.
The orc hits you but does no damage.
An orc warrior comes into view. It is wielding a +0 dire flail.
You shoot a sling bullet. The sling bullet hits the orc.
The orc is heavily wounded.
The orc closely misses you.
You shoot a sling bullet.
The sling bullet closely misses the orc.
You shoot a sling bullet.
The sling bullet completely misses the orc wizard.
Something hits you but does no damage.
An orc priest comes into view. It is wielding a +0 hand axe.
You shoot a sling bullet.
You hear some strange, mumbled words.
Something tries to affect you, but you resist.
You shoot a sling bullet. The sling bullet hits the orc.
The orc is almost dead.
Something hits you but does no damage.
The orc wizard mumbles some strange words.
The orc wizard flickers and vanishes!
You shoot a sling bullet.
The sling bullet closely misses the orc warrior.
The sling bullet hits the orc but does no damage.
The orc is almost dead.
The orc warrior hits you with a +0 dire flail!
Ouch! That really hurt!
You shoot a sling bullet.
The sling bullet closely misses the orc warrior.
The sling bullet hits the orc priest.
The orc priest is lightly wounded.
The orc warrior hits you with a +0 dire flail!
Ouch! That really hurt!
You die...

*,,,*,,,*,,,*,**,,,*******,,,,,
*,,,,,,,*,,,,,,,,*** ****,,,,
*,,,,,*****,,,,*********,***,,,
*,,,,,,}*},,,,,,,,,,,,,,*,***,*
****,,,,,,,,,*********,***,**,,
***,******* *,,,,,,** **,*,,
*,* ###,***,** **,,, *,*
#.#**,**,** **,*,, *,*
****#@#,+,***,***,**,, *,*
*,,,#o#,***,,,,*,,,,,, **,*
*,,*#{o,,,*,,**,,****,
*******,,**##+##...,,+,***,,*
**
,,,,,,,*,,,#...#.$..,*****,,* *
*******,,#+#...#+#.#####,,,,**
* *,*#.......#.+...+,*,,,* *
***,*###...#####...#####,* *
****,,,,#.'...'.#.......#.+,* *


You could see an orc warrior and an orc priest.

Vanquished Creatures
  A gnoll (D:1)
  2 adders (D:2)
  An orc (D:3)
  3 bats
  3 endoplasms
  2 giant cockroaches
  8 hobgoblins
  3 jackals (D:2)
  6 kobolds
  2 quokkas (D:2)
  3 ball pythons
  4 frilled lizards
  12 goblins
  3 rats
53 creatures vanquished.

Notes
Turn   | Place    | Note
-------+----------+-------------------------------------------
     0 | D:1      | qw the Gargoyle Hexslinger began the quest for the Orb.
     0 | D:1      | Reached XP level 1. HP: 12/12 MP: 2/2
     0 | D:1      | 0 ||| qw: Version: 0.3-a-52-g30416fa
     0 | D:1      | 0 ||| qw: Game counter: 7604
     0 | D:1      | 0 ||| qw: Melee chars always use a shield: true
     0 | D:1      | 0 ||| qw: God list: Okawaru
     0 | D:1      | 0 ||| qw: Allow faded altars: false
     0 | D:1      | 0 ||| qw: Do Orc after clearing Dungeon:15 true
     0 | D:1      | 0 ||| qw: Do second Lair branch before Depths: true
     0 | D:1      | 0 ||| qw: Lair rune preference: random
     0 | D:1      | 0 ||| qw: Goals: Normal
     0 | D:1      | 0 ||| PLANNING D:1-11
    70 | D:1      | Reached XP level 2. HP: 11/16 MP: 3/3
   136 | D:1      | Reached skill level 3 in Ranged Weapons
   416 | D:1      | Reached XP level 3. HP: 21/21 MP: 4/4
   611 | D:1      | 611 ||| UPGRADING to +0 ring mail.
   621 | D:1      | 621 ||| DROPPING +0 robe.
   622 | D:1      | 622 ||| UPGRADING to +0 cloak.
   627 | D:1      | 627 ||| READING scroll labelled WEWNYS IBEKI.
   628 | D:1      | 628 ||| DROPPING scroll of poison.
   905 | D:2      | Reached skill level 1 in Armour
  1299 | D:2      | Found a hazy altar of Hepliaklqana.
  1703 | D:2      | Reached XP level 4. HP: 20/26 MP: 5/5
  1823 | D:2      | 1823 ||| READING scroll labelled KEJUCO VIOGAE.
  1854 | D:3      | 1854 ||| PLANNING SEWER
  2040 | D:3      | Reached skill level 4 in Ranged Weapons
  2256 | D:3      | You fall into a shaft and drop 3 floors!
  2301 | D:6      | 2301 ||| READING scroll labelled ISKIAD SUIDI.
  2302 | D:6      | 2302 ||| READING scroll labelled VUWUOTUEVAA.
  2321 | D:6      | 2321 ||| READING scroll labelled MIUHIO REATSORCH.
  2325 | D:6      | 2325 ||| DRINKING 2 fuming pink potions.
  2325 | D:6      | Gained mutation: You possess an exceptional clarity of
                  | mind. [potion of mutation]
  2325 | D:6      | Gained mutation: You have hidden genetic potential. [potion
                  | of mutation]
  2327 | D:6      | Noticed an orc warrior
  2334 | D:6      | Slain by an orc warrior

Levels and vault maps discovered:
D:1:      heliophobic_arrival_battle_scene, layout_basic
D:2:      layout_basic, basic_altar, nrook_uturn
D:3:      cheibrodos_greedy_goblins, layout_basic,
          shapermc_ecumenical_altar_mp_vishouse, gup_sewer_entry_bowl
D:6:      nicolae_cairo_tiling_large, layout_loops_ring,
          nicolae_overflow_quartered_altars, minmay_temple_entry_glassed_door

Skill      XL: |  1  2  3  4 |
---------------+-------------+-----
Ranged Weapons | 3 4 |  4.1
Fighting       | 2 |  2.0
Armour         | 1 |  1.0
Dodging        | |  1.5
Spellcasting   | |  1.0
Hexes          | |  2.6

Action                     |  1- 3 |  4- 6 || total
---------------------------+-------+-------++-------
   Fire: Sling             |   125 |    53 ||   178
    Use: Scroll            |     1 |     4 ||     5
         Potion            |       |     1 ||     1
 Armour: Robe              |     9 |       ||     9
         Ring mail         |    31 |    27 ||    58
  Dodge: Dodged            |    46 |    29 ||    75

Table legend:
 A = Non-vault XP
 B = Vault XP
 C = Vault XP percentage of total XP
 D = Non-vault monster count
 E = Vault monster count
 F = Vault count percentage of total count
                 A         B        C        D         E       F
            +---------+---------+-------+---------+---------+-------
      Total |     106 |      20 |  15.9 |      42 |      11 |  20.8
            +---------+---------+-------+---------+---------+-------
        D:1 |      36 |       0 |   0.0 |      15 |       0 |   0.0
        D:2 |      56 |       0 |   0.0 |      20 |       0 |   0.0
        D:3 |      14 |      20 |  58.8 |       7 |      11 |  61.1
            +---------+---------+-------+---------+---------+-------
